 Dungeon Crawl Stone Soup version 0.28-a0-533-g9f97627 (webtiles) character file.

Game seed: 11678212583305575318

31 Geeful the Sneak (level 3, -3/22 HPs)
             Began as a Kobold Brigand on Sept 25, 2021.
             Killed by divine providence
             ... invoked by an orc priest
              (11 damage)
             ... on level 2 of the Dungeon.
             The game lasted 00:04:09 (877 turns).

Geeful the Sneak (Kobold Brigand)                    Turns: 877, Time: 00:04:10

Health: -3/22      AC:  3    Str:  8    XL:     3   Next: 40%
Magic:  3/3        EV: 15    Int: 12    God:
Gold:   43         SH:  0    Dex: 17    Spells: 2/2 levels left

rFire   . . .      SeeInvis .   i - +1 dagger (venom)
rCold   . . .      Faith    .   (shield restricted)
rNeg    . . .      Spirit   .   b - +0 robe
rPois   .          Reflect  .   (no helmet)
rElec   .          Harm     .   c - +0 cloak
rCorr   .          Rampage  .   (no gloves)
Will    .....                   (no boots)
Stlth   ++++......              f - amulet of the acrobat
HPRegen 0.07/turn               (no ring)
MPRegen 0.08/turn               (no ring)

@: no status effects
A: small, no large weapons, nightstalker 3
a: no special abilities


You were on level 2 of the Dungeon.
You visited 1 branch of the dungeon, and saw 3 of its levels.

You collected 43 gold pieces.

Inventory:

Hand Weapons
 a - a +2 dagger
 i - a +1 dagger of venom (weapon)
Missiles
 d - 8 poisoned darts (quivered)
 e - 2 curare-tipped darts
Armour
 b - a +0 robe (worn)
 c - a +0 cloak (worn)
Jewellery
 f - an amulet of the acrobat (around neck)
Scrolls
 g - a scroll of summoning {unknown}
Potions
 h - 2 potions of haste {unknown}
 j - 2 potions of heal wounds {unknown}


   Skills:
 + Level 2.7 Fighting
 + Level 3.3 Short Blades
 - Level 2.1 Throwing
 + Level 2.1 Dodging
 + Level 5.7 Stealth


You had 2 spell levels left.
You didn't know any spells.
Your spell library was empty.

Dungeon Overview and Level Annotations

Branches:
Dungeon (3/15)

Altars:
Sif Muna

Shops:
D:1 =


Innate Abilities, Weirdness & Mutations

You are small and have problems with some larger weapons.
You are completely attuned to the shadows.


Message History

The hobgoblin is moderately wounded.
The hobgoblin misses you.
You hit the hobgoblin.
You kill the hobgoblin!
No target in view!
A hobgoblin comes into view.
The helpless hobgoblin fails to defend itself.
You impale the hobgoblin!!
You kill the hobgoblin!
You see here a +0 dagger.
The orc shouts!
The orc priest shouts!
You hit the orc.
The orc is poisoned.
The orc is heavily wounded.
The orc priest invokes the aid of Beogh against you.
Beogh smites you!
Ouch! That really hurt!
The orc misses you.
You hit the orc priest.
The orc priest is lightly wounded.
The orc priest barely misses you. The orc hits you with a +0 club.
You hit the orc priest but do no damage.
The orc priest is poisoned.
The orc priest is lightly wounded.
The orc priest completely misses you.
You hit the orc priest.
The orc priest looks as sick as possible!
The orc priest is heavily wounded.
The orc completely misses you.
The orc priest hits you with a +0 dagger.
You hit the orc priest.
The orc priest looks as sick as possible!
The orc priest is severely wounded.
The orc hits you but does no damage. The orc priest completely misses you.
You closely miss the orc.
The orc is severely wounded.
The orc completely misses you.
The orc priest mumbles some strange prayers to Beogh against you.
Beogh smites you!
Ouch! That really hurt!
You die...

##.#...#..#.#..#
..#.######...### ##.#
#..#.#.(#...# .#
8.......8....
.............
.#.....8......(..8...
#....................
........8.......8o...
...............o@....
..............)......
....###.###..........
...## #.# #....######
...####.###.....#
................#
................#
...####.####...##
##......# #####


You could see an orc priest (extremely poisoned) and an orc (poisoned).

Vanquished Creatures
  An adder (D:2)
  An orc (D:2)
  2 ball pythons (D:1)
  A bat (D:2)
  2 endoplasms
  3 hobgoblins (D:2)
  A quokka (D:1)
  3 frilled lizards
  3 kobolds
  4 rats
21 creatures vanquished.

Vanquished Creatures (others)
  46 plants (D:2)
46 creatures vanquished.

Grand Total: 67 creatures vanquished

Notes
Turn   | Place    | Note
-------+----------+-------------------------------------------
     0 | D:1      | Geeful the Kobold Brigand began the quest for the Orb.
     0 | D:1      | Reached XP level 1. HP: 12/12 MP: 1/1
    84 | D:1      | Reached XP level 2. HP: 18/18 MP: 2/2
   162 | D:1      | Found Tiqy's Jewellery Boutique.
   420 | D:1      | You fall into a shaft and drop 1 floor!
   420 | D:2      | Found a shimmering blue altar of Sif Muna.
   791 | D:2      | Reached XP level 3. HP: 22/22 MP: 3/3
   877 | D:2      | Killed from afar by an orc priest

Illustrated notes

Levels and vault maps discovered:
D:1:      amcnicky_arrival_gap_in_the_tavern_cellar, layout_basic, serial_shops,
          nicolae_square_shop, glass_columns_a, minmay_misc_feat_rows
D:2:      wad_pebble_path, layout_loops_ring, basic_altar, supply_closet_lemuel,
          serial_bayou_lagoon_a
D:3:      layout_loops_ring, minmay_stone_trees_medium, grunt_ministairs_9,
          kennysheep_potato

Skill      XL: |  1  2 |
---------------+-------+-----
Short Blades   | 3 |  3.3
Dodging        | 2 |  2.1
Fighting       | |  2.7
Throwing       | |  2.1
Stealth        | |  5.7

Action                   || total
-------------------------++-------
Melee: Dagger            ||    52
 Stab: Sleeping          ||    13
Armor: Robe              ||     5
Dodge: Dodged            ||    31

Table legend: (Time is in decaauts)
 A = Elapsed time spent in this place.
 B = Non-inter-level travel time spent in this place.
 C = Inter-level travel time spent in this place.
 D = Time resting spent in this place.
 E = Time spent auto-exploring this place.
 F = Levels seen in this place.
 G = Mean time per level.
                   A        B        C        D        E       F      G
               +--------+--------+--------+--------+--------+-----+--------+
         Total |    870 |    855 |     15 |      0 |    399 |   3 |  290.0 |
       Dungeon |    870 |    855 |     15 |      0 |    399 |   3 |  290.0 |
               +--------+--------+--------+--------+--------+-----+--------+

Top non-repeatable levels by time:
     D:1: 415 daAuts
     D:2: 388 daAuts
     D:3: 66 daAuts
